 Dungeon Crawl Stone Soup version 0.27.1 (webtiles) character file.

Game seed: 11179613657915586481

170 Gwenloh the Insei (level 5, -2/38 HPs)
             Began as a Merfolk Transmuter on Aug 24, 2021.
             Was an Initiate of Gozag.
             Killed from afar by Sigmund (8 damage)
             ... with a magic dart
             ... on level 2 of the Dungeon.
             The game lasted 00:09:47 (3136 turns).

Gwenloh the Insei (Merfolk Transmuter)              Turns: 3136, Time: 00:09:47

Health: -2/38      AC:  2    Str: 10    XL:     5   Next: 50%
Magic:  3/8        EV: 13    Int: 12    God:    Gozag
Gold:   90         SH:  0    Dex: 16    Spells: 2/8 levels left

rFire    . . .     SeeInvis .     - Unarmed
rCold    . . .     Faith    .   (no shield)
rNeg     . . .     Spirit   .   a - +0 robe
rPois    .         Reflect  .   (no helmet)
rElec    .         Harm     .   (no cloak)
rCorr    .         Rampage  .   (no gloves)
Will     .....                  (no boots)
Stlth    +.........             (no amulet)
HPRegen  0.12/turn              (no ring)
MPRegen  0.11/turn              (no ring)

@: very slightly contaminated
A: (nimble swimmer 2), mertail
a: Renounce Religion, Potion Petition, Call Merchant, Bribe Branch


You were on level 2 of the Dungeon.
You worshipped Gozag.
Gozag was noncommittal.
You visited 1 branch of the dungeon, and saw 3 of its levels.

You collected 90 gold pieces.

Inventory:

Missiles
 b - 18 stones (quivered)
Armour
 a - a +0 robe (worn)
 e - a +0 leather armour
 h - a +0 ring mail of fire resistance
Scrolls
 c - a scroll of summoning {unknown}
 f - 3 scrolls of vulnerability {unknown}
 g - 3 scrolls of identify {unknown}
Potions
 d - a potion of attraction {unknown}
 i - a potion of magic {unknown}


   Skills:
 - Level 1.8 Fighting
 + Level 3.9 Dodging
 * Level 4.7 Unarmed Combat
 - Level 2.0 Spellcasting
 * Level 4.6 Transmutations
 + Level 1.3 Poison Magic


You had 2 spell levels left.
You knew the following spells:

 Your Spells              Type           Power      Damage    Failure   Level
a - Beastly Appendage     Tmut           24%        N/A       4%          1
b - Wereblood             Tmut           12%        N/A       6%          2
c - Spider Form           Tmut/Pois      4%         N/A       24%         3

Your spell library contained the following spells:

 Spells                   Type           Power      Damage    Failure   Level
 Frozen Ramparts          Ice            2%         1d2       63%         3
 Ozocubu's Armour         Ice            1%         N/A       63%         3
 Ice Form                 Ice/Tmut       6%         N/A       71%         4
 Summon Ice Beast         Ice/Summ       1%         N/A       95%         4
 Ozocubu's Refrigeration  Ice            0%         4d5       100%        7


Dungeon Overview and Level Annotations

Branches:
Dungeon (3/15)

Altars:
Gozag

Annotations:
D:2 Sigmund


Innate Abilities, Weirdness & Mutations

((You are quick and stealthy near water. (Stealth+, EV+, Speed+++)))
Your lower body shifts to a powerful aquatic tail in water.


Message History

Your +0 robe unmelds from your body.
Magic restored.
HP restored.
Done exploring.
There is a stone staircase leading down here.
You climb downwards.
Level annotation: Sigmund
There is a stone staircase leading up here.
Found 10 gold pieces.
You now have 90 gold pieces (gained 10).
Sigmund is nearby!
Casting: Spider Form (quite dangerous; 24% risk of failure)
Confirm with . or Enter, or press ? or * to list all spells.
The spell is quite dangerous to cast (24% risk of failure)!
Continue anyway?
You miscast Spider Form.
You are very lightly contaminated with residual magic.
Nothing appears to happen.
Sigmund shouts!
Casting: Spider Form (quite dangerous; 24% risk of failure)
Confirm with . or Enter, or press ? or * to list all spells.
The spell is quite dangerous to cast (24% risk of failure)!
Continue anyway?
You miscast Spider Form.
You feel rather nauseous for a moment!
You are poisoned.
You feel sick.
You feel sick.
You feel sick.
You feel sick.
You feel sick. Sigmund casts a spell at you. The puff of flame hits you!
You feel sick.
You are no longer poisoned.
Sigmund says, "Don't worry, I'll kill you fast."
Sigmund casts a spell at you. The magic dart hits you!
* * * LOW HITPOINT WARNING * * *
Sigmund gestures at you while chanting. The magic dart hits you!
You die...
Your body crumbles into a pile of gold.

####### .## ......# .....#
#####.# ##############.##.#
....#'###.................#####
....o.....###........#'#......###
...###....#......................
...# ######...................#.)
r..# .........@...@.........'..
####.# ###....................#.#
.....# #.#....#................
####.# ###....#.......#........
.# ...####.......#........ .##
###. #####...#...####. ...# #.
#...#...####. .##.# ###.#........
..# # #.#.#.##...


You could see Sigmund.

Vanquished Creatures
  Jessica (D:2)
  Natasha (twice) (D:2)
  5 adders (D:2)
  A worm (D:2)
  2 orcs
  3 ball pythons
  3 bats
  An endoplasm (D:1)
  2 giant cockroaches (D:1)
  A goblin (D:1)
  4 hobgoblins (D:1)
  6 jackals
  3 kobolds
  2 quokkas
  4 frilled lizards (D:1)
  9 rats
49 creatures vanquished.

Vanquished Creatures (others)
  4 demonic plants (D:2)
  9 fungi (D:2)
  7 plants (D:2)
  A withered plant (D:2)
21 creatures vanquished.

Grand Total: 70 creatures vanquished

Notes
Turn   | Place    | Note
-------+----------+-------------------------------------------
     0 | D:1      | Gwenloh the Merfolk Transmuter began the quest for the Orb.
     0 | D:1      | Reached XP level 1. HP: 15/15 MP: 3/3
   181 | D:1      | Reached XP level 2. HP: 21/21 MP: 3/5
   184 | D:1      | Learned a level 2 spell: Wereblood
   850 | D:1      | Reached XP level 3. HP: 26/26 MP: 4/6
   894 | D:1      | Learned a level 3 spell: Spider Form
  1781 | D:2      | Reached XP level 4. HP: 3/33 MP: 1/7
  2110 | D:2      | Noticed Sigmund
  2191 | D:2      | Noticed Natasha
  2200 | D:2      | Killed Natasha
  2437 | D:2      | Found a faded altar of an unknown god.
  2455 | D:2      | Reached XP level 5. HP: 37/38 MP: 6/8
  2462 | D:2      | Became a worshipper of Gozag Ym Sagoz the Greedy
  2634 | D:2      | Noticed Natasha
  2643 | D:2      | Killed Natasha
  2644 | D:2      | Reached skill level 1 in Poison Magic
  2713 | D:2      | Noticed Jessica
  2801 | D:2      | Killed Jessica
  3136 | D:2      | Killed from afar by Sigmund

Illustrated notes

Levels and vault maps discovered:
D:1:      minmay_arrival_jagged, layout_loops_ring
D:2:      layout_basic, shapermc_ecumenical_altar_gd, grunt_decor_fettered,
          uniq_jessica, uniq_natasha, uniq_sigmund
D:3:      layout_loops_corners

Skill      XL: |  1  2  3  4  5 |
---------------+----------------+-----
Transmutations | 3 4 |  4.6
Dodging        | 3 |  3.9
Unarmed Combat | 4 |  4.7
Poison Magic   | 1 |  1.3
Fighting       | |  1.8
Spellcasting   | |  2.0

Action                   |  1- 3 |  4- 6 || total
-------------------------+-------+-------++-------
Melee: Unarmed           |    85 |    45 ||   130
       Headbutt          |     6 |     4 ||    10
Throw: Stone             |    55 |     4 ||    59
 Cast: Beastly Appendage |    20 |     6 ||    26
       Wereblood         |     5 |       ||     5
       Spider Form       |     4 |     5 ||     9
  Use: Potion            |       |     2 ||     2
 Stab: Sleeping          |       |     1 ||     1
Armor: Robe              |    16 |     5 ||    21
       Leather armour    |     2 |       ||     2
Dodge: Dodged            |    52 |    33 ||    85
